 Dungeon Crawl Stone Soup version 0.28.0-43-g3370ac3207 (webtiles) character file.

Game seed: 1544313278031494949

625398 Orthodox the Slayer (level 27, -10/262 HPs)
             Began as a Ghoul Monk on Mar 23, 2022.
             Was a High Priest of Makhleb.
             Mangled by a bennu (20 damage)
             ... on level 1 of the Tomb of the Ancients on Mar 24, 2022.
             The game lasted 06:21:08 (109088 turns).

Orthodox the Slayer (Ghoul Monk)                  Turns: 109088, Time: 06:21:09

Health: -10/262    AC: 37    Str: 21 (28) XL:     27
Magic:  44/44      EV: 11    Int:  8      God:    Makhleb [*****.]
Gold:   6286       SH: 24    Dex: 21      Spells: 13/26 levels left

rFire   + + +      SeeInvis +     - Unarmed
rCold   + + +      Faith    .   u - +2 shield of Resistance {rF++ rC++ Will++}
rNeg    + + +      Spirit   .   y - +6 gold dragon scales
rPois   ∞          Reflect  +   c - +1 helmet {Int+3}
rElec   +          Harm     .   f - +1 cloak of the Cuttlefish {MP+9}
rCorr   +          Rampage  .   (no gloves)
Will    +++++                   x - +1 pair of boots {Fly}
Stlth   ..........              P - amulet of reflection
HPRegen 0.00/turn               Z - ring "Fotrihav" {rElec rC+ Str+5 SInv}
MPRegen 0.29/turn               F - ring of Duorch {rC- Will++ rCorr Dex+4}

@: about to teleport, flying, inhibited regen, slowed, very slow
A: claws 1, cold resistance 1, negative energy resistance 3, inhibited
regeneration, torment resistance 2
}: 4/15 runes: decaying, slimy, silver, gossamer
a: Renounce Religion, Minor Destruction, Lesser Servant of Makhleb, Major
Destruction, Greater Servant of Makhleb


You were on level 1 of the Tomb of the Ancients.
You worshipped Makhleb.
Makhleb was extremely pleased with you.
You visited 12 branches of the dungeon, and saw 53 of its levels.
You also visited: Ice Cave and Desolation.

You collected 10479 gold pieces.
You spent 4193 gold pieces at shops.

Inventory:

Missiles
 e - 12 silver boomerangs
 k - 6 throwing nets {!f}
 m - 30 javelins (quivered)
 J - 8 boomerangs of dispersal
 Q - 26 silver javelins
Armour
 c - a +1 helmet of intelligence (worn)
 f - the +1 cloak of the Cuttlefish (worn) {MP+9}
   (You found it on level 5 of the Pits of Slime)

   MP:        It affects your magic capacity (+9).
 p - the +3 kite shield of Mucashryn {rN+}
   (Okawaru gifted it to you on level 3 of the Elven Halls)

   rN:        It protects you from negative energy.
 u - the +2 shield of Resistance (worn) {rF++ rC++ Will++}
   (You found it on level 5 of the Pits of Slime)

   rF:        It greatly protects you from fire.
   rC:        It greatly protects you from cold.
   Will:      It greatly increases your willpower.
 x - a +1 pair of boots of flying (worn)
 y - +6 gold dragon scales (worn)
 R - the +2 pair of gloves of Love and Death {Will+ Int+4}
   (Okawaru gifted it to you on level 1 of the Depths)

   Int:       It affects your intelligence (+4).
   Will:      It increases your willpower.
 V - a +0 helmet of see invisible
 X - the +5 kite shield of the Bulwark {rF+++ Str+3}
   (Okawaru gifted it to you on level 1 of the Elven Halls)

   Str:       It affects your strength (+3).
   rF:        It renders you almost immune to fire.
Jewellery
 b - the ring of the Unkillable {rElec rF+ rC- rN++ Stlth+}
   (You took it off a necromancer on level 5 of the Vaults)

   [ring of protection from fire]

   rF:        It protects you from fire.
   rC:        It makes you vulnerable to cold.
   rElec:     It insulates you from electricity.
   rN:        It greatly protects you from negative energy.
   Stlth:     It makes you more stealthy.
 d - the ring of Uwnugaor {Drain rF++ rC+ Str+7}
   (You found it in the Desolation of Salt)

   [ring of protection from cold]

   Str:       It affects your strength (+7).
   rF:        It greatly protects you from fire.
   rC:        It protects you from cold.
   Drain:     It drains your maximum health when unequipped.
 j - an amulet of faith
 l - the ring of Yfudda {rElec rPois rC+ rN+}
   (You found it in the Desolation of Salt)

   [ring of positive energy]

   rC:        It protects you from cold.
   rElec:     It insulates you from electricity.
   rPois:     It protects you from poison.
   rN:        It protects you from negative energy.
 r - the ring of Prescription {rF+ rN+ Will+ Dex+2}
   (You found it on level 3 of the Crypt)

   [ring of positive energy]

   Dex:       It affects your dexterity (+2).
   rF:        It protects you from fire.
   rN:        It protects you from negative energy.
   Will:      It increases your willpower.
 t - the ring "Anneonad" {rN+ Str+4 Dex+4}
   (You found it on level 3 of the Crypt)

   [ring of positive energy]

   Str:       It affects your strength (+4).
   Dex:       It affects your dexterity (+4).
   rN:        It protects you from negative energy.
 w - the ring of Nimmyeti {*Slow rN+ Str-2 Int+7 Dex+2}
   (You found it on level 3 of the Crypt)

   [ring of positive energy]

   Str:       It affects your strength (-2).
   Int:       It affects your intelligence (+7).
   Dex:       It affects your dexterity (+2).
   rN:        It protects you from negative energy.
   *Slow:     It may slow you when you take damage.
 E - the ring "Ysinoluh" {rF+ rC+ rN+ Int+3 Dex+4}
   (You took it off a deep elf sorcerer on level 3 of the Elven Halls)

   [ring of protection from cold]

   Int:       It affects your intelligence (+3).
   Dex:       It affects your dexterity (+4).
   rF:        It protects you from fire.
   rC:        It protects you from cold.
   rN:        It protects you from negative energy.
 F - the ring of Duorch (right claw) {rC- Will++ rCorr Dex+4}
   (You took it off an orc warrior on level 7 of the Dungeon)

   [ring of resist corrosion]

   Dex:       It affects your dexterity (+4).
   rC:        It makes you vulnerable to cold.
   rCorr:     It protects you from acid and corrosion.
   Will:      It greatly increases your willpower.
 P - an amulet of reflection (around neck)
 Z - the ring "Fotrihav" (left claw) {rElec rC+ Str+5 SInv}
   (You found it in the Desolation of Salt)

   [ring of protection from cold]

   Str:       It affects your strength (+5).
   rC:        It protects you from cold.
   rElec:     It insulates you from electricity.
   SInv:      It lets you see invisible.
Wands
 H - a wand of digging (22)
 L - a wand of acid (13)
Scrolls
 g - 9 scrolls of fog
 h - 14 scrolls of teleportation
 i - 14 scrolls of fear
 n - a scroll of brand weapon
 s - 7 scrolls of summoning
 v - 8 scrolls of noise
 K - 7 scrolls of magic mapping
 O - 2 scrolls of torment
 S - 7 scrolls of silence
Potions
 a - 6 potions of resistance
 o - 5 potions of magic
 q - 2 potions of invisibility
 C - 7 potions of might
 D - 3 potions of heal wounds
 G - 5 potions of haste
 I - 20 potions of curing {@q1}
 U - 4 potions of cancellation


   Skills:
 - Level 24.3 Fighting
 - Level 16.3 Throwing
 - Level 20.3 Armour
 + Level 12.5 Dodging
 - Level 2.1 Stealth
 - Level 20.3 Shields
 - Level 24.2 Unarmed Combat
 + Level 18.4 Invocations


You had 13 spell levels left.
You knew the following spells:

 Your Spells              Type           Power      Damage    Failure   Level
a - Blink                 Tloc           0%         N/A       100%        2
b - Manifold Assault      Tloc           0%         N/A       100%        5
c - Silence               Hex/Air        0%         N/A       100%        5
d - Apportation           Tloc           0%         N/A       100%        1

Your spell library contained the following spells:

 Spells                   Type           Power      Damage    Failure   Level
 Freeze                   Ice            0%         1d3       100%        1
 Magic Dart               Conj           0%         1d3       100%        1
 Pain                     Necr           0%         1d4       100%        1
 Sandblast                Erth           0%         2d4       100%        1
 Slow                     Hex            0%         N/A       100%        1
 Sting                    Tmut/Pois      0%         1d3       100%        1
 Call Imp                 Summ           0%         N/A       100%        2
 Corpse Rot               Necr/Air       0%         N/A       100%        2
 Ensorcelled Hibernation  Hex/Ice        0%         N/A       100%        2
 Passwall                 Tmut/Erth      0%         N/A       100%        2
 Poisonous Vapours        Pois/Air       0%         N/A       100%        2
 Searing Ray              Conj           0%         2d4       100%        2
 Static Discharge         Conj/Air       0%         N/A       100%        2
 Confusing Touch          Hex            0%         N/A       100%        3
 Dazzling Flash           Conj/Hex       0%         N/A       100%        3
 Frozen Ramparts          Ice            0%         1d2       100%        3
 Gell's Gravitas          Tloc           0%         N/A       100%        3
 Lesser Beckoning         Tloc           0%         N/A       100%        3
 Mephitic Cloud           Conj/Pois/Air  0%         N/A       100%        3
 Stone Arrow              Conj/Erth      0%         3d7       100%        3
 Teleport Other           Tloc           0%         N/A       100%        3
 Vampiric Draining        Necr           0%         2d6       100%        3
 Anguish                  Hex/Necr       0%         N/A       100%        4
 Animate Armour           Summ/Erth      0%         N/A       100%        4
 Dispel Undead            Necr           0%         3d6       100%        4
 Fulminant Prism          Conj/Hex       0%         3d6       100%        4
 Hailstorm                Conj/Ice       0%         3d3       100%        4
 Iskenderun's Mystic Bla  Conj/Tloc      0%         2d3       100%        4
 Olgreb's Toxic Radiance  Pois           0%         N/A       100%        4
 Petrify                  Tmut/Erth      0%         N/A       100%        4
 Sticky Flame             Conj/Fire      0%         2d3       100%        4
 Summon Lightning Spire   Summ/Air       0%         N/A       100%        4
 Agony                    Necr           0%         N/A       100%        5
 Alistair's Intoxication  Tmut/Pois      0%         N/A       100%        5
 Borgnjor's Vile Clutch   Necr/Erth      0%         N/A       100%        5
 Excruciating Wounds      Necr           0%         N/A       100%        5
 Fireball                 Conj/Fire      0%         3d3       100%        5
 Freezing Cloud           Conj/Ice/Air   0%         6-21      100%        5
 Irradiate                Conj/Tmut      0%         3d14      100%        5
 Lee's Rapid Deconstruct  Erth           0%         3d5*      100%        5
 Lightning Bolt           Conj/Air       0%         1d11      100%        5
 Metabolic Englaciation   Hex/Ice        0%         N/A       100%        5
 Eringya's Noxious Bog    Tmut/Pois      0%         N/A       100%        6
 Starburst                Conj/Fire      0%         6d3       100%        6
 Orb of Destruction       Conj           0%         9d5       100%        7
 Lehudib's Crystal Spear  Conj/Erth      0%         10d2      100%        8
 Maxwell's Capacitive Co  Air            0%         ∞         100%        8
 Fire Storm               Conj/Fire      0%         5d1       100%        9
 Shatter                  Erth           0%         3d5*      100%        9
 Sublimation of Blood     Necr           Unusable   N/A       N/A         2
 Spider Form              Tmut/Pois      Unusable   N/A       N/A         3
 Statue Form              Tmut/Erth      Unusable   N/A       N/A         6
 Storm Form               Tmut/Air       Unusable   N/A       N/A         7

Dungeon Overview and Level Annotations

Branches:
Dungeon (15/15)            Temple (1/1) D:4            Lair (6/6) D:10
  Swamp (4/4) Lair:3       Spider (4/4) Lair:2        Slime (5/5) Lair:6
    Orc (2/2) D:12            Elf (3/3) Orc:2        Vaults (5/5) D:14
  Crypt (3/3) Vaults:2       Tomb (1/3) Crypt:3      Depths (4/4) D:15
    Zot (0/5) Depths:4      IceCv (visited)         Desolation (visited)

Altars:
Ashenzari
Cheibriados
Dithmenos
Elyvilon
Fedhas
Gozag
Hepliaklqana
Kikubaaqudgha
Makhleb
Nemelex Xobeh
Okawaru
Qazlal
Ru
Sif Muna
Trog
Uskayaw
Vehumet
Wu Jian
Xom
Yredelemnul
Zin
The Shining One
Beogh
Jiyva

Shops:
D:6 :   D:11 *   D:12 :*[**(   Orc:1 :[((   Orc:2 (*[[   Vaults:2 [
Vaults:5 !!!???   Depths:3 (

Portals:
Hell: Depths:1 Depths:2 Depths:3 Depths:4
Abyss: Depths:1 Depths:3
Pandemonium: Depths:1 Depths:2 Depths:3 Depths:4
Ziggurat: Depths:4


Innate Abilities, Weirdness & Mutations

You thrive by killing the living.
You are immune to poison.
You have sharp fingernails.
Your flesh is cold resistant. (rC+)
You are immune to negative energy. (rN+++)
You do not regenerate when monsters are visible.
You are immune to unholy pain and torment.


Message History

The death scarab closely misses you. The bennu pecks you but does no damage.
The bennu claws you but does no damage. You block the bennu's attack.
The death scarab closely misses you.
The death scarab bites you but does no damage.
The bennu pecks you but does no damage.
The bennu claws you but does no damage. x2
The death scarab barely misses you. The death scarab closely misses you.
You regained 26 hp, and now have 47/262 hp.
Unknown command.
As you read the scroll of teleportation, it crumbles to dust.
You feel strangely unstable. The death scarab barely misses you.
You block the death scarab's attack.
The death scarab bites you but does no damage.
You block the death scarab's attack. The bennu pecks you but does no damage.
You block the bennu's attack. The bennu barely misses you.
The death scarab bites you but does no damage.
The bennu pecks you.
* * * LOW HITPOINT WARNING * * *
The bennu sears you!!
* * * LOW HITPOINT WARNING * * *
The bennu claws you!
* * * LOW HITPOINT WARNING * * *
The bennu claws you but does no damage.
The death scarab bites you but does no damage.
The bennu completely misses you.
The bennu claws you but does no damage. x2
You take 35 damage, and have 12/262 hp.
Unknown command.
Unknown command.
Unknown command.
Okay, then.
Okay, then.
You feel much better. The death scarab closely misses you.
The death scarab bites you but does no damage.
You block the death scarab's attack. x2; The death scarab bites you!
* * * LOW HITPOINT WARNING * * *
The death scarab drains your vigour!
You feel as though you will be slow longer.
The bennu pecks you!
* * * LOW HITPOINT WARNING * * *
The bennu sears you!!
You die...

#.........#
#........(#
#.........#
#...[.....#
#.........#
#...B.....#
#.........#
#.B..B....#
#...@b....#
#.....B...#
#..B..H...#
#.........#
#.......H.#
#...†.....###########
#..........M.BH.HM...
#.................M..
#..........B.........


You could see 2 sphinxes, a bennu, a guardian mummy and 5 death scarabs.

Vanquished Creatures
  the Royal Jelly (Slime:5)
  2 dread liches (Vaults:5)
  Khufu (Crypt:3)
  2 ancient liches
  Mennas (Vaults:5)
  3 juggernauts
  3 royal mummies
  Boris (Vaults:2)
  Saint Roka (Vaults:5)
  the Lernaean hydra (Swamp:3)
  5 caustic shrikes
  4 golden dragons
  The ghost of TheDeanity the Deadly Accurate, an adept TrFi of Okawaru (Elf:3)
  A shard shrike zombie (Crypt:3)
  4 tentacled monstrosities
  4 deep elf blademasters
  5 liches
  4 quicksilver dragons
  5 deep elf master archers
  14 titans
  A walking frostbound tome (Depths:2)
  3 sphinxes
  24 acid blobs
  The ghost of Forgeling the Bewitcher, an adept FeEn of Dithmenos (Vaults:1)
  A thorn hunter (Swamp:3)
  Gastronok (Lair:1)
  Frances (Swamp:1)
  2 ancient champions (Crypt:3)
  5 storm dragons
  3 shadow dragons
  Roxanne (Spider:1)
  Agnes (D:15)
  8 rockslimes
  10 tengu reavers
  3 revenants (Crypt:1)
  Donald (Vaults:1)
  8 azure jellies
  A fenstrider witch (Swamp:4)
  5 emperor scorpions
  18 fire giants
  5 iron dragons
  A caustic shrike zombie (Crypt:3)
  A juggernaut zombie (Crypt:1)
  3 orc warlords
  12 deep elf sorcerers
  A ghost moth (Spider:1)
  13 frost giants
  2 imperial myrmidons (Desolation)
  17 vault wardens
  A draconian stormcaller (Depths:4)
  A spectral juggernaut (Crypt:1)
  2 deep elf elementalists (Elf:3)
  5 ghouls
  A curse skull (Crypt:1)
  A draconian annihilator (Depths:4)
  A spriggan defender (Depths:3)
  28 very ugly things
  2 broodmothers
  A quicksilver ooze (shapeshifter) (Depths:2)
  7 ironbound thunderhulks
  A reaper (Crypt:1)
  13 ironbound preservers
  28 stone giants
  7 quicksilver oozes
  A bennu (Tomb:1)
  21 vampire knights
  Azrael (D:12)
  2 lorocyprocas
  9 entropy weavers
  9 spark wasps
  A black draconian (Depths:4)
  10 deep elf demonologists
  13 deep elf annihilators
  A yellow draconian (Crypt:2)
  3 red draconians
  4 eleionomae
  A minotaur (shapeshifter) (Vaults:5)
  The ghost of Ilasch the Bludgeoner, a journeyman MiBe of Trog (D:13)
  4 dire elephants (Vaults:1)
  3 purple draconians
  9 bunyips
  4 mummy priests
  The ghost of 2FriedEggs the Thaumaturge, a journeyman DjCK of Xom (Lair:1)
  3 eidola
  16 jiangshi
  13 deep elf death magi
  4 crystal guardians (Desolation)
  9 ettins
  9 fire dragons
  A quicksilver dragon zombie (Crypt:3)
  9 ragged hierophants (Desolation)
  4 spectral spriggans (Crypt:1)
  2 deep elf high priests (Vaults:5)
  2 spectral fenstrider witches (Crypt:1)
  Fannar (Lair:2)
  5 servants of whispers (Desolation)
  14 great orbs of eyes
  Harold (D:10)
  41 vault guards
  14 boulder beetles
  22 yaktaur captains
  19 hydras
  3 rakshasas
  A caustic shrike simulacrum (Crypt:3)
  4 ice dragons
  7 peacekeepers (Desolation)
  4 catoblepae
  A spectral tengu (Crypt:1)
  3 spriggan air magi
  5 jorogumos
  6 ogre magi
  3 ghost crabs
  A quicksilver dragon skeleton (Crypt:3)
  Erolcha (D:10)
  A juggernaut simulacrum (Crypt:3)
  10 ironbound frosthearts
  2 spectral stone giants (Crypt:1)
  17 centaur warriors
  A radroach (Spider:4)
  23 two-headed ogres
  5 death knights
  37 dancing weapons
  8 tengu warriors
  13 deep troll earth magi
  17 vampire magi
  10 deep troll shamans
  5 death scarabs (Tomb:1)
  11 alligators
  Urug (Orc:1)
  9 death yaks
  2 spriggan berserkers
  7 hell knights
  27 deep elf knights
  4 sun demons
  Nergalle (D:12)
  A soul eater (Crypt:3)
  Sonja (D:10)
  5 pharaoh ants
  2 spectral bunyips (Crypt:1)
  2 sixfirhies
  A ghost moth zombie (Crypt:3)
  35 skeletal warriors
  A salamander mystic (Depths:3)
  2 anaconda zombies
  A shadow wraith (Crypt:2)
  3 bunyip zombies (Crypt:3)
  3 goliath frogs
  A sea snake (shapeshifter) (Vaults:5)
  4 spriggan druids
  6 flayed ghosts
  A glowing orange brain (shapeshifter) (Elf:3)
  10 iron trolls
  15 swamp dragons
  3 sun moths
  10 steelbarb worms
  A shadow demon (Depths:1)
  57 deep trolls
  21 deep elf archers
  A spectral anaconda (Crypt:1)
  A spark wasp zombie (Depths:1)
  5 glowing orange brains
  An orange crystal statue (IceCv)
  9 orb spiders
  An obsidian statue (Crypt:1)
  3 bog bodies
  A spectral hydra (Crypt:1)
  11 wizards
  33 phantasmal warriors
  3 harpies (Vaults:3)
  23 ironbound convokers
  20 lindwurms
  An iron giant skeleton (Crypt:2)
  2 harpies (shapeshifter)
  5 orc knights
  A mana viper (shapeshifter) (Depths:3)
  16 wolf spiders
  30 deep elf pyromancers
  43 deep elf zephyrmancers
  A frost giant zombie (Depths:1)
  11 necromancers
  A human zombie (Crypt:1)
  7 will-o-the-wisps
  A fire giant zombie (Depths:1)
  50 ugly things
  An iron dragon zombie (Depths:1)
  A wolf spider zombie (Crypt:1)
  3 manticores
  8 orc sorcerers
  A manticore (shapeshifter) (Depths:2)
  A sphinx skeleton (Depths:1)
  7 shining eyes
  A cyclops (shapeshifter) (Vaults:5)
  A dire elephant zombie (Crypt:3)
  3 salamanders (Depths:3)
  A goliath frog skeleton (Crypt:2)
  8 moths of wrath
  8 cyclopes
  2 naga zombies (Crypt:3)
  4 guardian serpents
  2 rust devils
  6 black mambas
  A spectral centaur (Crypt:1)
  2 eleionoma skeletons (Crypt:2)
  A stone giant skeleton (Depths:1)
  9 torpor snails
  An eye of devastation (shapeshifter) (Depths:2)
  A water nymph (shapeshifter) (Depths:3)
  2 molten gargoyles (Lair:6)
  An alligator snapping turtle zombie (Crypt:3)
  26 vault sentinels
  Maggie (Lair:1)
  An orange demon (Depths:4)
  7 cane toads
  A smoke demon (Depths:4)
  4 eyes of devastation
  4 kobold demonologists (D:11)
  An unseen horror (D:13)
  13 demonic crawlers
  4 rime drakes
  40 yaktaurs
  8 ice devils
  2 tengu conjurers
  A white draconian skeleton (Crypt:2)
  8 freezing wraiths
  9 komodo dragons
  15 guardian mummies
  A catoblepas skeleton (Crypt:1)
  2 red devils
  A hellwing (Depths:1)
  A spectral harpy (Crypt:1)
  A golden dragon simulacrum (IceCv)
  16 meliai
  A merfolk (shapeshifter) (Vaults:5)
  A silent spectre (Vaults:3)
  3 harpy zombies (Crypt:3)
  6 tyrant leeches
  9 polar bears
  A polar bear (shapeshifter) (Elf:2)
  15 trolls
  The ghost of pkoi the Chiller, an amateur NaIE of Cheibriados (D:4)
  A hornet (Swamp:3)
  A death drake skeleton (Crypt:3)
  51 saltlings
  Grinder (D:5)
  A bloated husk (Swamp:3)
  149 slime creatures
  A satyr zombie (Crypt:2)
  20 tarantellas
  17 blink frogs
  4 spriggan zombies
  A jumping spider zombie (Crypt:1)
  A spectral black mamba (Crypt:1)
  11 dream sheep (Lair:4)
  A harpy skeleton (Crypt:3)
  A raiju (shapeshifter) (D:14)
  29 jumping spiders
  5 flying skulls (Tomb:1)
  A jumping spider (shapeshifter) (D:9)
  A spriggan skeleton (Depths:1)
  3 air elementals
  3 spriggans
  A shadow (D:9)
  A ynoxinul (Depths:4)
  4 dire elephant simulacra
  An ettin skeleton (Tomb:1)
  74 yaks
  20 culicivoras
  A spriggan (shapeshifter) (Elf:1)
  16 wraiths
  8 wyverns
  8 fire elementals
  2 ushabtiu (Tomb:1)
  A vampire (D:12)
  6 water elementals
  Sigmund (D:2)
  13 golden eyes
  5 vampire mosquitoes (Swamp:1)
  2 steam dragons (Lair:6)
  65 redbacks
  9 basilisks
  A neqoxec (Depths:4)
  A chaos spawn (Depths:2)
  7 wargs
  A tengu zombie (Depths:1)
  2 harpy simulacra
  16 swamp worms
  A two-headed ogre zombie (Crypt:1)
  An acid dragon (D:12)
  A swamp worm (shapeshifter) (Vaults:5)
  7 hell hounds
  17 water moccasins
  8 swamp drakes
  2 floating eyes
  A black bear (shapeshifter) (Elf:1)
  A black bear (D:5)
  2 ettin simulacra
  39 orc warriors
  2 necrophages
  An alligator simulacrum (IceCv)
  A wolf (Lair:2)
  4 boggarts (Vaults:3)
  A lindwurm skeleton (Crypt:3)
  30 ogres
  5 centaurs
  A wolf (shapeshifter) (Depths:4)
  A phantom (D:4)
  A dream sheep skeleton (Crypt:3)
  Blork the orc (D:6)
  An elf zombie (Crypt:1)
  2 kobold brigands
  3 gnoll sergeants
  11 bullfrogs
  A fire crab zombie (Crypt:3)
  4 earth elementals
  An elf skeleton (Crypt:3)
  9 killer bees
  A lindwurm simulacrum (IceCv)
  A warg skeleton (Crypt:3)
  4 wights (D:7)
  2 troll skeletons
  2 yak skeletons
  5 howler monkeys
  An electric eel (Lair:6)
  A crimson imp (Orc:2)
  4 centaur zombies
  5 lava snakes (Lair:6)
  A bullfrog zombie (D:7)
  6 jellies
  A bullfrog skeleton (D:4)
  19 orc priests
  A gnoll shaman (D:5)
  3 hounds
  An iron imp (Orc:2)
  Crazy Yiuf (D:3)
  Terence (D:3)
  3 iguanas
  30 orc wizards
  Natasha (thrice) (D:2)
  2 spriggan simulacra
  A hound skeleton (D:4)
  4 mummies
  Robin (D:3)
  14 gnolls
  7 adders
  A naga simulacrum (Lair:3)
  3 white imps
  An ufetubus (D:4)
  An iguana zombie (Crypt:2)
  A halfling skeleton (Crypt:1)
  4 dart slugs
  85 orcs
  7 bats
  10 endoplasms
  2 giant cockroaches
  10 goblins
  8 hobgoblins
  2 jackals (D:1)
  10 quokkas
  3 training dummies (Depths:3)
  9 ball pythons
  3 frilled lizards
  A hobgoblin skeleton (Crypt:3)
  15 kobolds
  3 rats
2632 creatures vanquished.

Vanquished Creatures (others)
  A fire giant (Vaults:3)
  A deep elf archer (Elf:3)
  A bog body (Crypt:2)
  3 deep elf pyromancers
  2 bloated husks (Swamp:3)
  A jumping spider (Spider:3)
  A golden eye (Slime:3)
  A swamp drake (Swamp:1)
  2 orc wizards
  A shadow imp (Orc:2)
  An orc (Orc:2)
  29 foxfires
  31 fungi
  40 plants
115 creatures vanquished.

Grand Total: 2747 creatures vanquished

Notes
Turn   | Place    | Note
-------+----------+-------------------------------------------
     0 | D:1      | Orthodox the Ghoul Monk began the quest for the Orb.
     0 | D:1      | Reached XP level 1. HP: 19/19 MP: 0/0
   629 | D:1      | Found a faded altar of an unknown god.
   755 | D:1      | Reached XP level 2. HP: 9/26 MP: 1/1
  1737 | D:1      | Reached XP level 3. HP: 33/33 MP: 2/2
  2063 | D:2      | Noticed Sigmund
  2392 | D:2      | Noticed Natasha
  2398 | D:2      | Killed Natasha
  2399 | D:2      | Reached XP level 4. HP: 21/41 MP: 3/3
  3095 | D:3      | Found a runed translucent door.
  3096 | D:3      | Noticed Crazy Yiuf
  3156 | D:3      | Noticed Terence
  3181 | D:3      | Killed Terence
  3182 | D:3      | Reached skill level 5 in Fighting
  3182 | D:3      | Reached XP level 5. HP: 48/48 MP: 4/4
  3231 | D:3      | Killed Crazy Yiuf
  3232 | D:3      | Reached skill level 5 in Unarmed Combat
  3293 | D:3      | Noticed Robin
  3401 | D:2      | Noticed Natasha
  3415 | D:2      | Killed Natasha
  3480 | D:3      | Killed Robin
  3722 | D:3      | Reached XP level 6. HP: 57/57 MP: 5/5
  4274 | D:4      | Noticed a necrophage
  4353 | D:4      | Found a staircase to the Ecumenical Temple.
  4363 | Temple   | Entered the Ecumenical Temple
  4480 | Temple   | Became a worshipper of Warmaster Okawaru
  4480 | Temple   | Reached * piety under Okawaru
  4480 | Temple   | Reached ** piety under Okawaru
  5057 | D:4      | Found a runed translucent gate.
  5058 | D:4      | Found a runed translucent gate.
  5059 | D:4      | Found a runed translucent gate.
  5060 | D:4      | Found an opulent altar of Gozag.
  5061 | D:4      | Noticed pkoi's ghost (amateur NaIE)
  5228 | D:4      | Reached XP level 7. HP: 37/64 MP: 6/6
  5391 | D:4      | Reached skill level 1 in Invocations
  5466 | D:5      | Entered Level 5 of the Dungeon
  5954 | D:5      | Reached *** piety under Okawaru
  5955 | D:5      | Reached XP level 8. HP: 58/73 MP: 8/8
  6310 | D:5      | HP: 2/73 [ogre/+0 giant club (31)]
  6750 | D:5      | Found a stormy altar of Qazlal.
  6750 | D:5      | Found a sparkling altar of Nemelex Xobeh.
  6773 | D:5      | Found a faded altar of an unknown god.
  6775 | D:5      | Found a bloodstained altar of Trog.
  6777 | D:5      | Found a shadowy altar of Dithmenos.
  7317 | D:2      | Noticed Natasha
  7322 | D:2      | Killed Natasha
  7581 | D:2      | Killed Sigmund
  7725 | D:6      | Noticed Blork the orc
  7725 | D:6      | Noticed Grinder
  8445 | D:6      | Paralysed by Grinder for 5 turns
  8469 | D:5      | Killed Grinder
  8470 | D:5      | Reached skill level 1 in Shields
  8596 | D:6      | Found Upawn's Book Boutique.
  8679 | D:6      | Killed Blork the orc
  8680 | D:6      | Reached XP level 9. HP: 82/82 MP: 10/10
  9788 | D:7      | Reached **** piety under Okawaru
  9788 | D:7      | Received a gift from Okawaru
 10778 | D:7      | Reached skill level 10 in Unarmed Combat
 10904 | D:7      | Reached skill level 10 in Fighting
 10927 | D:7      | Found a broken altar of Ashenzari.
 11776 | D:8      | Reached XP level 10. HP: 94/94 MP: 11/11
 12080 | D:8      | Identified the ring of Duorch {rC- Will++ rCorr Dex+4}
 14214 | D:9      | Reached ***** piety under Okawaru
 14574 | D:9      | Noticed an angel
 14673 | D:9      | Noticed a two-headed ogre
 14673 | D:9      | a culicivora changed into a two-headed ogre
 14691 | D:9      | Noticed a lindwurm
 14691 | D:9      | a two-headed ogre changed into a lindwurm
 14944 | D:9      | Found a basalt altar of Yredelemnul.
 15578 | D:10     | Entered Level 10 of the Dungeon
 15690 | D:10     | Reached XP level 11. HP: 79/104 MP: 13/13
 15697 | D:10     | Reached skill level 5 in Invocations
 15935 | D:10     | Noticed Erolcha
 16224 | D:10     | Noticed Sonja
 16240 | D:10     | Killed Sonja
 16476 | D:10     | Found a staircase to the Lair.
 16852 | D:10     | Killed Erolcha
 16946 | D:10     | Noticed a deep elf pyromancer
 17569 | D:10     | Noticed Harold
 17584 | D:10     | Killed Harold
 17837 | D:10     | Killed a deep elf pyromancer
 17837 | D:10     | Received a gift from Okawaru
 17838 | D:10     | Reached skill level 1 in Armour
 17941 | D:11     | Noticed a two-headed ogre
 17954 | D:11     | Killed a two-headed ogre
 18945 | D:10     | Noticed a centaur warrior
 18959 | D:10     | Killed a centaur warrior
 18960 | D:10     | Reached XP level 12. HP: 107/115 MP: 16/16
 18977 | D:11     | Found Anenarcho's Assorted Antiques.
 18978 | D:11     | Noticed a four-headed hydra
 19047 | D:11     | Killed a four-headed hydra
 19047 | D:11     | Received a gift from Okawaru
 19048 | D:11     | Reached skill level 5 in Dodging
 19104 | D:11     | Bought a scroll labelled XYSERPH IDWUTU for 32 gold pieces
 20076 | D:12     | Found Louragug's General Store.
 20203 | D:12     | Found a staircase to the Orcish Mines.
 20205 | D:12     | Found Zuinnuto's Armour Shop.
 20328 | D:12     | Found Jybotufa's Antique Weapon Boutique.
 20351 | D:12     | Noticed a two-headed ogre
 20460 | D:12     | Found Mymn's Assorted Antiques.
 20483 | D:12     | Killed a two-headed ogre
 20484 | D:12     | Reached skill level 5 in Armour
 20618 | D:12     | Found Kopnaink's General Store.
 20813 | D:12     | Noticed a soul eater
 21009 | D:12     | Found Fifetus's Book Emporium.
 21083 | D:12     | Noticed a boulder beetle
 21098 | D:12     | Killed a boulder beetle
 21098 | D:12     | Identified the +4 great mace of the Battered Yaks
                  | {antimagic, rElec rPois Int+4 Dex-2} (Okawaru gifted it to
                  | you on level 12 of the Dungeon)
 21098 | D:12     | Received a gift from Okawaru
 21294 | D:12     | Learned a level 2 spell: Blink
 21300 | D:12     | Learned a level 5 spell: Manifold Assault
 22237 | D:12     | Found a faded altar of an unknown god.
 22238 | D:12     | Found a hazy altar of Hepliaklqana.
 22350 | D:13     | Reached skill level 5 in Shields
 22438 | D:13     | Noticed an ogre mage
 22453 | D:13     | Killed an ogre mage
 23155 | Lair:1   | Entered Level 1 of the Lair of Beasts
 23199 | Lair:1   | Found a runed translucent door.
 23200 | Lair:1   | Found a shimmering altar of Xom.
 23200 | Lair:1   | Noticed 2FriedEggs's ghost (journeyman DjCK)
 23205 | Lair:1   | Noticed Gastronok
 23219 | Lair:1   | Reached XP level 13. HP: 116/122 MP: 18/18
 24102 | Lair:1   | Noticed Maggie
 24145 | Lair:1   | Killed Maggie
 24606 | Lair:1   | Identified the +0 plate armour "Yteoh" {SInv} (Okawaru
                  | gifted it to you on level 1 of the Lair of Beasts)
 24606 | Lair:1   | Received a gift from Okawaru
 24643 | Lair:1   | Killed Gastronok
 25273 | Lair:2   | Noticed Fannar
 25308 | Lair:2   | Killed Fannar
 26055 | Lair:2   | Found a hole to the Spider Nest.
 27873 | Lair:3   | Found a staircase to the Swamp.
 28127 | Lair:3   | Reached ****** piety under Okawaru
 28445 | Lair:3   | Reached XP level 14. HP: 91/129 MP: 16/19
 28455 | Lair:3   | Identified the +1 leather armour "Tait Buj" {Fly Str+5}
 28853 | Lair:3   | Identified the +3 quarterstaff of the Dungeon {spect, rF+
                  | rN+ Int+4 Dex+2} (Okawaru gifted it to you on level 3 of
                  | the Lair of Beasts)
 28853 | Lair:3   | Received a gift from Okawaru
 29255 | Lair:4   | Found an ancient bone altar of Kikubaaqudgha.
 29262 | Lair:4   | Reached skill level 10 in Armour
 30578 | Lair:5   | Identified the +0 hand crossbow "Qojola" {penet, *Slow
                  | Str+7} (Okawaru gifted it to you on level 5 of the Lair of
                  | Beasts)
 30578 | Lair:5   | Received a gift from Okawaru
 31278 | Lair:5   | Found a bloodstained altar of Trog.
 31447 | Lair:6   | Entered Level 6 of the Lair of Beasts
 32198 | Lair:6   | Reached skill level 15 in Fighting
 32198 | Lair:6   | Reached skill level 15 in Unarmed Combat
 32377 | Lair:6   | Received a gift from Okawaru
 33004 | Lair:6   | Found a large runed translucent door.
 33005 | Lair:6   | Found a large runed translucent door.
 33424 | Lair:6   | Reached XP level 15. HP: 141/141 MP: 20/20
 33479 | Lair:6   | Found a runed translucent door.
 33479 | Lair:6   | Found a viscous altar of Jiyva.
 33481 | Lair:6   | Found a staircase to the Slime Pits.
 33481 | Lair:6   | Noticed an acid blob
 34872 | D:13     | Noticed Azrael
 35199 | Orc:1    | Entered Level 1 of the Orcish Mines
 35199 | Orc:1    | Noticed an orc warlord
 35732 | D:12     | Killed Azrael
 35882 | D:13     | Received a gift from Okawaru
 35956 | D:13     | Noticed a frost giant
 36110 | D:13     | Killed a frost giant
 36283 | D:13     | Identified the +2 pair of gloves of Jadamo {rElec Str+2}
 36570 | D:13     | Noticed Ilasch's ghost (journeyman MiBe)
 36572 | D:13     | Found a bloodstained altar of Trog.
 36587 | D:13     | Found a transporter.
 36603 | D:13     | Found a transporter.
 37802 | D:14     | Found a gate to the Vaults.
 37975 | D:14     | Identified the +3 plate armour of Paocunaf {Rampage rPois
                  | rF- Str+4} (Okawaru gifted it to you on level 14 of the
                  | Dungeon)
 37975 | D:14     | Received a gift from Okawaru
 38134 | D:12     | Bought +1 gold dragon scales for 1392 gold pieces
 38427 | D:15     | Entered Level 15 of the Dungeon
 39167 | D:15     | Reached XP level 16. HP: 155/155 MP: 21/21
 40101 | D:15     | Noticed Agnes
 40106 | D:15     | Killed Agnes
 40149 | D:15     | Found a staircase to the Depths.
 40727 | Orc:1    | Noticed Nergalle
 40766 | D:12     | Killed Nergalle
 40862 | Orc:1    | Noticed Urug
 40876 | Orc:1    | Killed Urug
 40973 | Orc:1    | Found Pegigarch's Armour Shop.
 41002 | Orc:1    | Found Fuew's Antique Weapon Boutique.
 41043 | Orc:1    | Found Suturi's Weapon Shop.
 41204 | Orc:2    | Entered Level 2 of the Orcish Mines
 41241 | Orc:2    | Found a staircase to the Elven Halls.
 41354 | Orc:2    | Received a gift from Okawaru
 41902 | Orc:2    | Identified the +3 pair of gloves of Eternal Night {Fly}
                  | (Okawaru gifted it to you on level 2 of the Orcish Mines)
 41902 | Orc:2    | Received a gift from Okawaru
 42268 | Orc:2    | Found Jiug's Armour Shoppe.
 42359 | Orc:2    | Found Bang's Antique Weapon Emporium.
 42368 | Orc:2    | Found Yhoabewk's Armour Shop.
 42377 | Orc:2    | Found Dohaom Doma's General Store.
 42461 | Orc:2    | Bought a scroll of identify for 28 gold pieces
 42654 | Orc:2    | Identified the +2 hat "Ixiar" {rF+}
 43131 | Orc:1    | Found Lahafru's Book Shoppe.
 43407 | Spider:1 | Entered Level 1 of the Spider Nest
 43453 | Spider:1 | Noticed Roxanne
 44002 | Spider:1 | Reached XP level 17. HP: 168/169 MP: 22/22
 45301 | Spider:1 | Killed Roxanne
 45549 | Spider:2 | Found a frozen archway.
 45555 | IceCv    | Entered an ice cave
 45906 | IceCv    | Found a transporter.
 45923 | IceCv    | Found a transporter.
 45951 | IceCv    | Identified the +3 ring mail "Uxul Kok" {rPois rN+ Int+5
                  | Stlth+} (Okawaru gifted it to you in an ice cave)
 45951 | IceCv    | Received a gift from Okawaru
 45952 | IceCv    | Identified the amulet of Riol {Spirit Rampage Drain Regen+
                  | SInv}
 46816 | Spider:2 | Reached skill level 10 in Invocations
 50243 | Spider:3 | Identified the +8 flail of Instant Death {flame, rN+ Will+
                  | Str+7} (Okawaru gifted it to you on level 3 of the Spider
                  | Nest)
 50243 | Spider:3 | Received a gift from Okawaru
 50577 | Spider:4 | Entered Level 4 of the Spider Nest
 52904 | Swamp:1  | Entered Level 1 of the Swamp
 53080 | Swamp:1  | Reached XP level 18. HP: 170/182 MP: 26/26
 53808 | Swamp:2  | Noticed Frances
 55154 | Swamp:3  | Received a gift from Okawaru
 56605 | Swamp:4  | Entered Level 4 of the Swamp
 56620 | Swamp:4  | Identified the ring "Siepy" {rC- Str+4 Int+6 Dex+3}
 56754 | Swamp:4  | Received a gift from Okawaru
 56755 | Swamp:4  | Reached skill level 10 in Shields
 57178 | Swamp:4  | Noticed the 27-headed Lernaean hydra
 58253 | Swamp:4  | Got a decaying rune of Zot
 58353 | Swamp:4  | Identified the +2 robe of Onacigge {rPois} (Okawaru gifted
                  | it to you on level 4 of the Swamp)
 58353 | Swamp:4  | Received a gift from Okawaru
 58430 | Swamp:3  | Killed the 27-headed Lernaean hydra
 58637 | Orc:2    | Bought a +2 buckler of cold resistance for 365 gold pieces
 59375 | Spider:3 | Reached XP level 19. HP: 158/189 MP: 24/27
 60718 | Spider:4 | Got a gossamer rune of Zot
 61278 | Elf:1    | Entered Level 1 of the Elven Halls
 62539 | Elf:1    | Identified the +5 kite shield of the Bulwark {rF+++ Str+3}
                  | (Okawaru gifted it to you on level 1 of the Elven Halls)
 62539 | Elf:1    | Received a gift from Okawaru
 62653 | D:12     | Bought a runed helmet for 240 gold pieces
 62853 | Elf:1    | Paralysed by an air elemental for 1 turns
 63396 | Elf:2    | Paralysed by an air elemental for 1 turns
 63824 | Elf:2    | Noticed a Hell Sentinel
 64288 | Elf:2    | Found a runed translucent gate.
 64288 | Elf:2    | Found a runed translucent gate.
 64288 | Elf:2    | Found a runed translucent gate.
 64372 | Elf:2    | Reached XP level 20. HP: 176/198 MP: 28/28
 64412 | Elf:2    | Identified the +1 chain mail of the Sky {Contam rElec
                  | Will+++ Int+3} (Okawaru gifted it to you on level 2 of the
                  | Elven Halls)
 64412 | Elf:2    | Received a gift from Okawaru
 65196 | Elf:2    | Reached skill level 15 in Armour
 65298 | Elf:3    | Entered Level 3 of the Elven Halls
 65310 | Elf:3    | Found a runed translucent door.
 65314 | Elf:3    | Found a shimmering altar of Xom.
 65314 | Elf:3    | Noticed TheDeanity's ghost (adept TrFi)
 67054 | Elf:3    | Identified the ring of Brilliance {Fire rN+ Int+3 Dex+4}
 67255 | Elf:3    | Identified the +3 kite shield of Mucashryn {rN+} (Okawaru
                  | gifted it to you on level 3 of the Elven Halls)
 67255 | Elf:3    | Received a gift from Okawaru
 67265 | Elf:3    | Identified the +1 leather armour "Ysecuvina" {+Blink}
 67487 | Elf:3    | Identified the ring "Ysinoluh" {rF+ rC+ rN+ Int+3 Dex+4}
 68467 | Elf:3    | Identified the +5 lajatang of Focus {vorpal, Int+3}
 68964 | Elf:3    | Reached skill level 15 in Shields
 70772 | Elf:3    | Got Gaihaew's Papyrus of Battle Magic
 71044 | Vaults:1 | Entered Level 1 of the Vaults
 71050 | Vaults:1 | Identified the amulet "Nemoyth" {RegenMP Harm rElec rPois
                  | Dex-5}
 71089 | Vaults:1 | Reached skill level 1 in Throwing
 71387 | Vaults:1 | Reached skill level 5 in Throwing
 71399 | Vaults:1 | Reached XP level 21. HP: 204/204 MP: 29/29
 72016 | Vaults:1 | Found a large runed translucent door.
 72016 | Vaults:1 | Found a large runed translucent door.
 72016 | Vaults:1 | Found a large runed translucent door.
 72016 | Vaults:1 | Found a large runed translucent door.
 72016 | Vaults:1 | Found a large runed translucent door.
 72016 | Vaults:1 | Found a large runed translucent door.
 72016 | Vaults:1 | Found a large runed translucent door.
 72016 | Vaults:1 | Found a large runed translucent door.
 72016 | Vaults:1 | Noticed Forgeling's ghost (adept FeEn)
 72025 | Vaults:1 | Noticed Donald
 72043 | Vaults:1 | Killed Donald
 72086 | Vaults:1 | Received a gift from Okawaru
 73012 | Vaults:1 | Killed Forgeling's ghost
 73114 | Vaults:2 | Identified the +4 mace of Brutal Revenge {vamp, Will+
                  | Dex+5} (Okawaru gifted it to you on level 2 of the Vaults)
 73114 | Vaults:2 | Received a gift from Okawaru
 73147 | Vaults:2 | Noticed Boris
 73150 | Vaults:2 | Found a crumbling gateway.
 73158 | Vaults:2 | Killed Boris
 73159 | Vaults:2 | Reached skill level 10 in Throwing
 73171 | Desolati | Entered the Desolation of Salt
 73688 | Desolati | Identified the +10 falchion "Zuupha" {freeze, rN+ Str+3}
 73995 | Desolati | Got the Tome of Clay
 73997 | Desolati | Identified the amulet "Bulate" {RegenMP rCorr Str+4}
 74056 | Desolati | Received a gift from Okawaru
 74910 | Desolati | Identified the +1 cloak of Loss {Rampage rN+ Str-4 Stlth+}
                  | (Okawaru gifted it to you in the Desolation of Salt)
 74910 | Desolati | Received a gift from Okawaru
 75276 | Desolati | Identified the ring "Vaden" {rC+ Str+6 SInv}
 75310 | Desolati | Identified the ring "Fotrihav" {rElec rC+ Str+5 SInv}
 75324 | Desolati | Got Iskenderun's Almanac of Cloudy Attacks
 75423 | Desolati | Got Suilinis's Catalogue of Shifting Clay
 75429 | Desolati | Identified the ring of Uwnugaor {Drain rF++ rC+ Str+7}
 75431 | Desolati | Identified the ring of Yfudda {rElec rPois rC+ rN+}
 75434 | Desolati | Identified the +6 demon trident "Amemouva" {flame, rPois
                  | rC- Str+2}
 76479 | Vaults:2 | Reached XP level 22. HP: 213/213 MP: 30/30
 76733 | Vaults:2 | Found Xugauxi's Armour Shoppe.
 76835 | Vaults:2 | Found a staircase to the Crypt.
 77323 | Vaults:3 | Received a gift from Okawaru
 78703 | Vaults:3 | Found a transporter.
 78711 | Vaults:3 | Found a transporter.
 78853 | Vaults:3 | Received a gift from Okawaru
 79577 | Vaults:3 | Found a runed translucent door.
 79577 | Vaults:3 | Found a bloodstained altar of Trog.
 79577 | Vaults:3 | Found the +8 Wrath of Trog {antimagic, *Rage Rampage}
 79626 | Vaults:3 | Identified the +4 chain mail "Nezuse" {+Blink rF+ SInv}
 80511 | Vaults:4 | Received a gift from Okawaru
 81067 | Vaults:4 | Reached XP level 23. HP: 220/220 MP: 31/31
 81106 | Vaults:4 | Received a gift from Okawaru
 81427 | Vaults:4 | Received a gift from Okawaru
 81484 | Vaults:4 | Received a gift from Okawaru
 82037 | Depths:1 | Entered Level 1 of the Depths
 82747 | Depths:1 | Found a one-way gate to the infinite horrors of the Abyss.
 82752 | Depths:1 | Identified the +5 demon trident of Sunlight {pain, rPois
                  | MP+9} (Okawaru gifted it to you on level 1 of the Depths)
 82752 | Depths:1 | Received a gift from Okawaru
 83271 | Depths:1 | Found a one-way gate leading to the halls of Pandemonium.
 83392 | Depths:1 | Found a gateway to Hell.
 83796 | Depths:1 | Identified the +2 pair of gloves of Love and Death {Will+
                  | Int+4} (Okawaru gifted it to you on level 1 of the Depths)
 83796 | Depths:1 | Received a gift from Okawaru
 84061 | Depths:2 | You are sucked into a shaft and drop 1 floor!
 84061 | Depths:3 | Noticed a juggernaut
 84082 | Depths:3 | Killed a juggernaut
 84892 | Depths:3 | Identified the +0 pair of gloves of Ecko {rC+ Will+ Int+2}
 85680 | Depths:2 | Reached XP level 24. HP: 228/228 MP: 31/31
 85965 | Depths:2 | Received a gift from Okawaru
 86156 | Depths:2 | Found an ornate altar of the Wu Jian Council.
 86296 | Depths:2 | Received a gift from Okawaru
 86484 | Depths:2 | Found the +10 dark maul {vorpal}
 86513 | Depths:2 | Noticed a juggernaut
 86561 | Depths:2 | Received a gift from Okawaru
 86805 | Depths:2 | Noticed a caustic shrike
 86816 | Depths:2 | Killed a caustic shrike
 86822 | Depths:2 | Paralysed by a floating eye for 4 turns
 86841 | Depths:2 | Paralysed by a floating eye for 2 turns
 86929 | Depths:2 | Killed a juggernaut
 87356 | Depths:3 | Found Godenlaora's Firing Range.
 87513 | Depths:3 | Bought 6 silver javelins for 230 gold pieces
 87513 | Depths:3 | Bought a throwing net for 48 gold pieces
 87513 | Depths:3 | Bought a throwing net for 48 gold pieces
 87746 | Depths:4 | Entered Level 4 of the Depths
 87774 | Depths:3 | Received a gift from Okawaru
 88492 | Depths:4 | Noticed a juggernaut
 88514 | Depths:4 | Killed a juggernaut
 88514 | Depths:4 | Received a gift from Okawaru
 88986 | Depths:4 | Found a one-way gateway to a ziggurat.
 89003 | Depths:4 | Noticed a caustic shrike
 89014 | Depths:4 | Noticed a caustic shrike
 89017 | Depths:4 | Noticed a caustic shrike
 89042 | Depths:4 | Killed a caustic shrike
 89069 | Depths:4 | Noticed a caustic shrike
 89084 | Depths:4 | Killed a caustic shrike
 89094 | Depths:4 | Killed a caustic shrike
 89100 | Depths:4 | Killed a caustic shrike
 89789 | Depths:4 | Found a gate to the Realm of Zot.
 90201 | Vaults:5 | Entered Level 5 of the Vaults
 90276 | Vaults:5 | Received a gift from Okawaru
 90283 | Vaults:5 | Reached XP level 25. HP: 212/238 MP: 26/32
 90370 | Vaults:5 | Received a gift from Okawaru
 90407 | Vaults:5 | Received a gift from Okawaru
 90480 | Vaults:5 | Received a gift from Okawaru
 90608 | Vaults:5 | Received a gift from Okawaru
 90633 | Vaults:5 | Noticed a dread lich
 90642 | Vaults:5 | Killed a dread lich
 90643 | Vaults:5 | Reached skill level 15 in Invocations
 90846 | Vaults:5 | Noticed Saint Roka
 90870 | Vaults:5 | Noticed an ancient lich
 90881 | Vaults:5 | Killed Saint Roka
 90894 | Vaults:5 | Noticed a dread lich
 90896 | Arena    | Entered the Arena
 90927 | Vaults:5 | Killed an ancient lich
 90951 | Vaults:5 | Killed a dread lich
 90951 | Vaults:5 | Received a gift from Okawaru
 91077 | Vaults:5 | Noticed Mennas
 91094 | Vaults:5 | Killed Mennas
 91238 | Vaults:5 | Received a gift from Okawaru
 91709 | Vaults:5 | Found Wamn's Distillery.
 91732 | Vaults:5 | Found Catipregaa's Magic Scroll Boutique.
 91788 | Vaults:5 | Found Potuas's Magic Scroll Shoppe.
 91860 | Vaults:5 | Bought a potion of heal wounds for 110 gold pieces
 91898 | Vaults:5 | Bought a scroll of silence for 127 gold pieces
 91898 | Vaults:5 | Bought a scroll of teleportation for 51 gold pieces
 91898 | Vaults:5 | Bought a scroll of teleportation for 51 gold pieces
 91898 | Vaults:5 | Bought a scroll of enchant armour for 127 gold pieces
 91898 | Vaults:5 | Bought a scroll of teleportation for 51 gold pieces
 91923 | Vaults:5 | Bought a scroll of teleportation for 60 gold pieces
 91923 | Vaults:5 | Bought a scroll of silence for 150 gold pieces
 91923 | Vaults:5 | Bought a scroll of fear for 70 gold pieces
 91923 | Vaults:5 | Bought a scroll of enchant armour for 150 gold pieces
 91938 | Vaults:5 | Identified the ring of the Invisible Hand {rElec Will+
                  | SInv}
 91939 | Vaults:5 | Identified the ring of the Unkillable {rElec rF+ rC- rN++
                  | Stlth+}
 91945 | Vaults:5 | Found Venuecso's Magic Scroll Shop.
 92033 | Vaults:5 | Bought 3 scrolls of teleportation for 180 gold pieces
 92033 | Vaults:5 | Bought a scroll of magic mapping for 70 gold pieces
 92033 | Vaults:5 | Bought a scroll of silence for 150 gold pieces
 92033 | Vaults:5 | Bought a scroll of teleportation for 60 gold pieces
 92134 | Vaults:5 | Reached XP level 26. HP: 248/248 MP: 34/34
 92211 | Vaults:5 | Identified the amulet of Vafym {Acrobat rElec rCorr SInv
                  | Stlth+}
 92625 | Vaults:5 | Reached skill level 15 in Throwing
 92741 | Vaults:5 | Learned a level 5 spell: Silence
 92743 | Vaults:5 | Learned a level 1 spell: Apportation
 92790 | Vaults:5 | Got a silver rune of Zot
 92837 | Vaults:5 | Found Fom Unadgh's Distillery.
 92842 | Vaults:5 | Bought a potion of curing for 57 gold pieces
 92842 | Vaults:5 | Bought a potion of might for 76 gold pieces
 92849 | Vaults:5 | Found Huih Bia's Distillery.
 92853 | Vaults:5 | Bought a potion of curing for 45 gold pieces
 92853 | Vaults:5 | Bought a potion of curing for 45 gold pieces
 92853 | Vaults:5 | Bought a potion of might for 60 gold pieces
 92980 | Vaults:5 | Identified the +9 arbalest of Ahamomp {flame, Fly Will+}
 92980 | Vaults:5 | Identified the +0 chain mail of Jeen {+Blink rF+++ rN+
                  | Str-4}
 93592 | Slime:1  | Entered Level 1 of the Pits of Slime
 93615 | Lair:6   | Received a gift from Okawaru
 94270 | Slime:2  | Received a gift from Okawaru
 94402 | Arena    | Entered the Arena
 94818 | Slime:4  | Received a gift from Okawaru
 96127 | Slime:5  | Entered Level 5 of the Pits of Slime
 96622 | Slime:5  | Paralysed by a floating eye for 4 turns
 96815 | Slime:5  | Received a gift from Okawaru
 97341 | Slime:5  | Found a viscous altar of Jiyva.
 97357 | Slime:5  | Found the +2 shield of Resistance {rF++ rC++ Will++}
 97395 | Slime:5  | Noticed the Royal Jelly
 97425 | Slime:5  | Killed the Royal Jelly
 97425 | Slime:5  | Received a gift from Okawaru
 97474 | Slime:5  | Identified the ring "Ramilini" {Drain rElec rN+ AC+4 Int+2}
 97506 | Slime:5  | Identified the +1 scale mail "Itichext" {Harm}
 97517 | Slime:5  | Identified the ring of the Thoughtful Souls {AC+4 SInv}
 97521 | Slime:5  | Got a slimy rune of Zot
 97545 | Slime:5  | Identified the +0 chain mail of the Sun {+Inv rElec Will-
                  | Slay+4}
 97571 | Slime:5  | Identified the amulet "Pyesiupt" {Reflect Harm Int+2 SH+5
                  | SInv}
 97583 | Slime:5  | Identified the +4 broad axe of Joyful Slaughter {flame,
                  | rElec Dex+4}
 97586 | Slime:5  | Identified the +1 cloak of the Cuttlefish {MP+9}
 98032 | D:4      | Killed pkoi's ghost
 98355 | D:13     | Killed Ilasch's ghost
 98685 | Lair:1   | Killed 2FriedEggs's ghost
 98888 | Elf:3    | Killed TheDeanity's ghost
 99138 | Swamp:1  | Killed Frances
100080 | Temple   | Fell from the grace of Okawaru
100080 | Temple   | Became a worshipper of Makhleb the Destroyer
100419 | Crypt:1  | Entered Level 1 of the Crypt
100869 | Crypt:1  | Reached * piety under Makhleb
100990 | Crypt:1  | Reached XP level 27. HP: 261/261 MP: 34/34
102223 | Crypt:1  | Reached ** piety under Makhleb
102666 | Crypt:1  | Identified the +8 quarterstaff "Xanni Uqima" {elec, rF++}
102666 | Crypt:1  | Noticed a royal mummy
102676 | Crypt:1  | Killed a royal mummy
103108 | Depths:3 | Bought 5 silver boomerangs for 120 gold pieces
104168 | Crypt:1  | Identified the +4 longbow "Jelly's Nightmare" {vorpal, Fly
                  | rCorr}
105404 | Crypt:2  | Found a basalt altar of Yredelemnul.
105900 | Crypt:3  | Entered Level 3 of the Crypt
105952 | Crypt:3  | Reached *** piety under Makhleb
106068 | Crypt:3  | Noticed an ancient lich
106086 | Crypt:3  | Was forgiven by Okawaru
106107 | Crypt:3  | Found the +7 great mace "Undeadhunter" {disrupt, rN+}
106472 | Crypt:3  | Identified the +10 rapier of Wisdom {protect, rElec rCorr}
106481 | Crypt:3  | Identified the +1 quarterstaff "Noad" {holy, Dex+8 Stlth+}
106507 | Crypt:3  | Found an ancient bone altar of Kikubaaqudgha.
106641 | Crypt:3  | Reached **** piety under Makhleb
107248 | Crypt:3  | Killed an ancient lich
107566 | Crypt:3  | Reached skill level 10 in Dodging
107767 | Crypt:3  | Found a staircase to the Tomb.
107839 | Crypt:3  | Identified the ring of Prescription {rF+ rN+ Will+ Dex+2}
107839 | Crypt:3  | Identified the ring "Anneonad" {rN+ Str+4 Dex+4}
107839 | Crypt:3  | Identified the ring of Nimmyeti {*Slow rN+ Str-2 Int+7
                  | Dex+2}
107883 | Crypt:3  | Reached ***** piety under Makhleb
108300 | Tomb:1   | Entered Level 1 of the Tomb of the Ancients
108317 | Tomb:1   | Noticed a royal mummy
108318 | Tomb:1   | Noticed Khufu
108395 | Tomb:1   | Noticed a royal mummy
108409 | Crypt:3  | Killed Khufu
108477 | Crypt:3  | Killed a royal mummy
108495 | Tomb:1   | Killed a royal mummy
109087 | Tomb:1   | HP: 12/262 [bennu (12)]
109088 | Tomb:1   | Mangled by a bennu

Illustrated notes

Levels and vault maps discovered:
D:1:      amcnicky_arrival_choice, layout_basic,
          hellmonk_ecumenical_altar_pennies_from_heaven
D:2:      layout_loops_ring, uniq_sigmund, uniq_natasha
D:3:      kennysheep_six_static_rooms, layout_loops_ring, uniq_robin,
          uniq_terence, uniq_crazy_yiuf_cottage
D:4:      layout_cave_pools, minmay_temple_entry_offerings, ebering_ghost_gozag,
          minmay_bent
D:5:      layout_basic, chequers_temple_overflow_minitemple, water_boxes_lemuel
D:6:      layout_cave_pods, serial_shops, shop, uniq_blork_the_orc, uniq_grinder
D:7:      layout_loops_corners, nicolae_ashenzari_panopticon
D:8:      layout_loops_ring, hangedman_abyss_or_decor_lesser_grid
D:9:      layout_basic, lemuel_tele_altar, zin_angel
D:10:     layout_roguey, erik_lair_orcish_takeover, uniq_sonja, uniq_harold,
          uniq_erolcha
D:11:     layout_layer_cave, serial_shops, nicolae_shop_overgrown_old_shop
D:12:     layout_small_grid, orc_david_3, serial_shops, shop_statue,
          nicolae_shop_statue_plus, nicolae_diamond_shop,
          nicolae_shop_statue_plus, nicolae_shop_behind_doors,
          beargit_hepliaklqana_dungeon_heroes
D:13:     minmay_textured_paths, layout_rooms,
          gammafunk_ghost_wrathful_warriors, fountainhead, uniq_azrael
D:14:     layout_loops_ring, erik_vaults_2, hangedman_decor_opposing,
          minivault_12
D:15:     gammafunk_enter_depths_forms, layout_irregular_city, uniq_agnes
Temple:   regret_index_temple_waves
Lair:1:   layout_long_grid, ebering_ghost_xom, ldierk_geyser,
          grunt_megastairs_2, uniq_maggie, uniq_gastronok
Lair:2:   layout_gridlike, spider_nest_entry_webs, lemuel_fruit_fields,
          uniq_fannar
Lair:3:   dreamdust_isle_of_ice, layout_chaotic_city, skrybe_swamp_entry_bodies,
          grunt_forest_large_clearing_hut, grunt_megastairs_5
Lair:4:   layout_regular_city, basic_altar
Lair:5:   layout_regular_city, basic_altar, nicolae_quartered_pool_little
Lair:6:   cheibrodos_lair_end_hotspot, layout_regular_city, slime_altar_2,
          infiniplex_staircase_pool
Swamp:1:  layout_falls_marsh, nicolae_swamp_triple_paths
Swamp:2:  layout_basic_swamp, serial_swamp_ruin, evilmike_swamp_ruin_house_4,
          evilmike_swamp_ruin_house_5, wheals_swamp_sinkhole, uniq_frances
Swamp:3:  layout_basic_swamp, nicolae_swamp_rocky_clearing, ldierk_geyser,
          swamp_pool2
Swamp:4:  swamp_old_school, layout_basic_swamp, swamp_pool1,
          nicolae_swamp_bunyip_nook
Spider:1: layout_spider_delve, hangedman_spider_tarantella_strand, uniq_roxanne
Spider:2: layout_chambers, portal_ice_cave_entry_pillars_four
Spider:3: layout_cave_pods
Spider:4: hellmonk_spider_rune_bug_friends, nicolae_spider_nook
Slime:1:  layout_caves, cheibrodos_slime_lost_civilization_4
Slime:2:  layout_caves
Slime:3:  layout_caves
Slime:4:  layout_caves
Slime:5
Orc:1:    layout_caves, basic_altar, serial_shops, nicolae_shop_behind_doors,
          nicolae_shop_hallway_plus, shop, nicolae_shop_behind_doors, uniq_urug,
          uniq_nergalle
Orc:2:    st_orc_open, layout_caves, hangedman_minor_magic
Elf:1:    eino_elf_arrival_sip, layout_loops_ring, minivault_28
Elf:2:    elven_hall_of_blades_hangedman_original
          [nicolae_blade_entry_diamond_columns], layout_loops_corners
Elf:3:    minmay_elf_hall_x, layout_geoelf_grid, ebering_ghost_xom, hex_large
Vaults:1: advil_vaults_ghost_lines, v_misc_28, vaults_room_stairs_pillars,
          vaults_room_corners, hangedman_vaults_nails,
          nicolae_vaults_specimen_jars, v_misc_24, v_misc_14, v_misc_19,
          vaults_dpeg_hooks, nicolae_vaults_network_periphery,
          ontoclasm_vaults_spin, v_misc_9, layout_vaults_ring, uniq_donald
Vaults:2: portal_desolation_entry_nicolae_nacl, minmay_crypt_entry_simple_box,
          hangedman_vaults_trim, nicolae_vaults_little_squares_6,
          ontoclasm_vaults_ring_small, nicolae_vaults_ring_of_whatevers,
          v_misc_4, v_pattern_1, nicolae_vaults_angled_halls, v_misc_14,
          dpeg_vaults_monster_box, nicolae_vaults_angled_halls,
          hangedman_vaults_pinch, v_misc_2, layout_vaults_big_room,
          serial_shops, nicolae_shop_crystal, uniq_boris
Vaults:3: emtedronai_trogs_sanctum, v_misc_19, grunt_vaults_trifunnel,
          vaults_standard_mumra_lines, hangedman_vaults_stream,
          nicolae_vaults_gold_heap, ontoclasm_vaults_hangar, v_pattern_5,
          grunt_vaults_hallway_short, layout_vaults_omnigrid
Vaults:4: grunt_vaults_hallway_short, nicolae_vaults_murderbox, v_misc_30,
          v_rooms_3, ontoclasm_vaults_eye, nicolae_vaults_sealed_display,
          v_alt_pattern_6, vaults_room_corners, nicolae_vaults_theta,
          hangedman_vaults_stretched_pinwheel, nicolae_vaults_little_squares_1,
          layout_vaults_maze_snakey
Vaults:5: uniq_saint_roka, uniq_mennas, uniq_margery
Crypt:1:  lemuel_minitomb, layout_basic, grunt_ministairs_12
Crypt:2:  layout_misc_corridors, basic_altar, st_stairs_7
Crypt:3:  church_of_pain_bobbens, layout_chaotic_city, tomb_entry_shell_bobbens
Tomb:1:   uniq_mara, uniq_khufu
Depths:1: layout_basic, hangedman_abyss_entry_splay, grunt_decor_cap,
          grunt_pan_entry_spiral, hell_entry, special_room
          [special_room_morgue], patterned_corridor
Depths:2: evilmike_inaccessible_box, layout_gridville, rand_demon_pan_entry_1,
          hell_entry, kennysheep_flooded_box, infiniplex_staircase_pool_2
Depths:3: evilmike_hourglass, layout_basic, grunt_pan_entry_in_and_out,
          hell_entry, abyss_entry_crystal, nicolae_shop_firing_range
Depths:4: evilmike_zot_entry_hall, layout_cave_pools, ziggurat_fallback,
          grunt_pan_entry_zigzag, grunt_hell_entry_dis_old,
          infiniplex_staircase_pool_lava

Skill      XL: |  1  2  3  4  5  6  7  8  9 10 11 12 13 14 15 16 17 18 19 20 21 22 23 24 25 26 27 |
---------------+----------------------------------------------------------------------------------+-----
Fighting       | 4 5 6 7 8 10 12 13 15 17 19 21 22 24 | 24.3
Unarmed Combat | 4 5 6 7 8 10 12 13 15 17 19 20 22 23 24 | 24.2
Invocations    | 2 3 4 6 8 9 13 14 16 17 18 | 18.4
Shields        | 1 3 4 5 8 11 13 15 19 20 | 20.3
Armour         | 3 6 9 10 12 14 16 17 20 | 20.3
Dodging        | 4 6 12 | 12.5
Throwing       | 5 10 11 14 15 16 | 16.3
Stealth        | |  2.1

Action                   |  1- 3 |  4- 6 |  7- 9 | 10-12 | 13-15 | 16-18 | 19-21 | 22-24 | 25-27 || total
-------------------------+-------+-------+-------+-------+-------+-------+-------+-------+-------++-------
Melee: Unarmed           |   132 |   198 |   308 |   719 |  1386 |  1796 |  1817 |  2158 |  2913 || 11427
       Punch             |     4 |     8 |    23 |    70 |     6 |       |       |       |       ||   111
Throw: Throwing net      |       |     2 |       |       |     1 |       |       |     1 |       ||     4
       Javelin           |       |       |       |       |       |       |       |       |    23 ||    23
       Boomerang         |       |       |       |       |       |       |       |       |     4 ||     4
Invok: Heroism           |       |       |     3 |    19 |    18 |    25 |    16 |    19 |     8 ||   108
       Finesse           |       |       |       |     1 |       |     3 |       |     3 |     4 ||    11
       Duel              |       |       |       |       |       |       |       |       |     2 ||     2
Evoke: Wand              |       |       |       |       |     1 |     6 |     3 |     8 |       ||    18
  Use: Scroll            |       |       |     7 |     5 |    13 |    16 |     5 |     4 |    13 ||    63
       Potion            |       |       |     3 |       |       |       |     3 |     4 |    12 ||    22
 Stab: Sleeping          |     5 |       |       |       |       |       |       |       |       ||     5
       Confused          |       |       |       |       |       |     2 |       |       |       ||     2
       Distracted        |       |       |       |       |       |       |       |     1 |       ||     1
       Invisible         |       |       |       |       |       |       |       |     2 |       ||     2
Armor: Robe              |    11 |       |       |       |       |       |       |       |       ||    11
       Chain mail        |    26 |    91 |    99 |   297 |   343 |       |       |       |       ||   856
       Scale mail        |       |     3 |    25 |       |       |       |       |       |       ||    28
       Gold dragon scale |       |       |       |       |    22 |  1111 |   508 |   603 |   727 ||  2971
Dodge: Dodged            |    67 |    88 |    89 |   210 |   321 |   511 |   258 |   323 |   432 ||  2299
Block: Kite shield       |       |       |     4 |       |       |       |  1163 |  1892 |  2336 ||  5395
       Other             |       |       |       |    86 |    18 |       |       |       |       ||   104
       Reflection        |       |       |       |     6 |    15 |    17 |    92 |    55 |    93 ||   278
       Buckler           |       |       |       |       |   583 |  1134 |   220 |       |       ||  1937
